 Dungeon Sprint DCSS version 0.21.1-1-g345015f (webtiles) character file.

15547 Fang the Warrior (level 12, 0/125 HPs)
             Began as a Minotaur Berserker on Apr 27, 2018.
             Was the Champion of Trog.
             Slain by a glaive of protection (17 damage)
             ... in the Dungeon (Sprint V: "Ziggurat Sprint").
             The game lasted 00:05:46 (924 turns).

Fang the Warrior (Minotaur Berserker)                Turns: 924, Time: 00:05:47

Health: 0/125      AC: 20    Str: 27    XL:     12   Next: 2%
Magic:  8/20       EV: 13    Int:  4    God:    Trog [******]
Gold:   0          SH:  0    Dex: 14    Spells: 11/11 levels left

rFire    . . .     SeeInvis .   A - +7 battleaxe (chop)
rCold    . . .     Gourm    .   (shield currently unavailable)
rNeg     . . .     Faith    .   j - +5 shadow dragon scales
rPois    .         Spirit   .   (helmet restricted)
rElec    .         Reflect  .   (no cloak)
rCorr    .         Harm     .   (no gloves)
MR       .....     NoTele   +   (no boots)
Stlth    +++.......             (no amulet)
HPRegen  0.30/turn              G - ring of flight
MPRegen  0.17/turn              B - ring "Wuiblin" {+Blink MP+9 Dex+4 Slay-5}

@: berserk cooldown, slowed, studying Throwing, very slow
A: retaliatory headbutt, horns 2
a: Berserk, Trog's Hand, Brothers in Arms, Burn Spellbooks, Renounce Religion,
Evoke Blink, Evoke Flight


You were in the Dungeon.
You worshipped Trog.
Trog was exalted by your worship.
You were very hungry.

You visited 1 branch

Inventory:

Hand Weapons
 l - a +5 demon trident of flaming
 A - a +7 battleaxe of chopping (weapon)
 H - a +2 antimagic scythe
Missiles
 a - 6 silver tomahawks (quivered)
 u - 8 javelins of penetration
Armour
 j - +5 shadow dragon scales (worn)
Jewellery
 B - the ring "Wuiblin" (right hand) {+Blink MP+9 Dex+4 Slay-5}
   (You found it in the Dungeon)

   [ring of magical power]

   It affects your dexterity (+4).
   It affects your accuracy and damage with ranged weapons and melee attacks
   (-5).
   It affects your magic capacity (+9).
   It lets you blink.
 G - a ring of flight (left hand)
Wands
 x - a wand of disintegration (7)
 y - a wand of iceblast (7)
 z - a wand of acid (7)
Scrolls
 i - 4 scrolls of blinking
 m - 7 scrolls of fog
 n - a scroll of holy word
 o - 5 scrolls of identify
 p - 5 scrolls of remove curse
 q - 2 scrolls of fear
Potions
 d - 10 potions of curing
 e - 10 potions of heal wounds
 f - 6 potions of haste
 g - 7 potions of magic
 h - 3 potions of berserk rage
 r - 2 potions of brilliance
 s - 2 potions of invisibility
 t - 4 potions of resistance
 v - 5 potions of agility
 w - 5 potions of might
Books
 D - a manual of Throwing
Miscellaneous
 b - a phial of floods
 E - a lamp of fire
 F - a phial of floods
Comestibles
 c - 7 rations
 k - 6 chunks of flesh


   Skills:
 + Level 17.2 Fighting
 + Level 16.0(18.7) Axes
 + Level 16.8(19.1) Polearms
 + Level 2.6 Throwing
 + Level 12.6 Armour
 + Level 7.8 Dodging
 + Level 2.2 Stealth


You had 11 spell levels left.
You didn't know any spells.

Dungeon Overview and Level Annotations

Branches:
Dungeon (1/1)

Altars:
Ashenzari
Cheibriados
Dithmenos
Elyvilon
Fedhas
Gozag
Hepliaklqana
Kikubaaqudgha
Makhleb
Nemelex Xobeh
Okawaru
Qazlal
Ru
Sif Muna
Trog
Uskayaw
Vehumet
Wu Jian
Xom
Yredelemnul
Zin
The Shining One
Beogh
Jiyva
Lugonu

Annotations:
D 1 transporter


Innate Abilities, Weirdness & Mutations

You reflexively headbutt those who attack you in melee.
You have a pair of horns on your head.


Message History

* * * LOW HITPOINT WARNING * * *
The glaive of protection completely misses you.
Things that are here:
a long sword; a ring mail; an elf corpse You miss the glaive of protection.
Your headbutt misses the glaive of protection.
You are no longer berserk.
You are exhausted.
You feel yourself slow down.
You miss the glaive of protection.
Your headbutt misses the glaive of protection.
The glaive of protection hits you!
* * * LOW HITPOINT WARNING * * *
You hit the glaive of protection but do no damage.
You headbutt the glaive of protection, but do no damage.
The glaive of protection hits you but does no damage.
You hit the glaive of protection but do no damage.
Your headbutt misses the glaive of protection.
The glaive of protection hits you!
You die...

▓.▓.....▓.▓.▓...▓.▓
▓....©....▓...©...▓
▓▓▓▓▓▓▓▓▓▓▓▓▓▓▓▓▓▓▓
▓...8©8...▓
▓..|)!)}..▓
▓...!)"[..▓
▓.........▓
▓....(....▓
▓...)@)...▓
▓...)))...▓
▓.▓..)..▓.▓
▓....©....▓
▓▓▓▓▓▓▓▓▓▓▓


You could see a glaive of protection.

Vanquished Creatures
  A tentacled starspawn (D)
  2 dancing weapons (D)
  A deep elf knight (D)
  7 deep elf magi (D)
  A salamander (shapeshifter) (D)
  An orange demon (D)
  An eye of devastation (D)
  A hellwing (D)
  A hornet (D)
  A large abomination (D)
  A water elemental (D)
  3 spriggans (D)
  A ynoxinul (D)
  A fire elemental (D)
  A hell hound (D)
  A floating eye (D)
  2 black bears (D)
  2 eyes of draining (D)
  2 wolves (D)
  3 quasits (D)
  A jelly (D)
  2 orc priests (D)
  An iron imp (D)
  2 orc wizards (D)
  A white imp (D)
  4 ufetubi (D)
  3 oozes (D)
  2 orcs (D)
  2 bat zombies (D)
  A quokka skeleton (D)
  A quokka zombie (D)
  2 starspawn tentacles (D)
56 creatures vanquished.

Notes
Turn   | Place    | Note
-------+----------+-------------------------------------------
     0 | D        | Found the +6 Majin-Bo {vamp, Archmagi MP+6 Int+6}
     0 | D        | Found the +7 great mace "Firestarter" {inner flame, rF++}
     0 | D        | Fang the Minotaur Berserker began the quest for the Orb.
     0 | D        | Reached XP level 1. HP: 19/19 MP: 0/0
     3 | D        | Found a blossoming altar of Fedhas.
     4 | D        | Found a viscous altar of Jiyva.
     4 | D        | Found a hazy altar of Hepliaklqana.
     4 | D        | Found a transporter.
     4 | D        | Found an opulent altar of Gozag.
     4 | D        | Found an ancient bone altar of Kikubaaqudgha.
     4 | D        | Found a corrupted altar of Lugonu.
    10 | D        | Found a burning altar of Makhleb.
    11 | D        | Found a stormy altar of Qazlal.
    11 | D        | Found a sacrificial altar of Ru.
    11 | D        | Found an iron altar of Okawaru.
    11 | D        | Found a deep blue altar of Sif Muna.
    11 | D        | Found a sparkling altar of Nemelex Xobeh.
    11 | D        | Found a bloodstained altar of Trog.
    75 | D        | Entered arena 2.
    75 | D        | Noticed an orc wizard
    75 | D        | Found a transporter.
    85 | D        | Killed an orc wizard
    85 | D        | Reached skill level 5 in Fighting
    85 | D        | Reached skill level 5 in Axes
    85 | D        | Reached skill level 1 in Polearms
    85 | D        | Reached XP level 2. HP: 27/29 MP: 1/1
    88 | D        | Reached ** piety under Trog
   148 | D        | Entered arena 3.
   148 | D        | Noticed a tentacled starspawn
   148 | D        | Found a transporter.
   160 | D        | Killed a tentacled starspawn
   160 | D        | Reached skill level 13 in Fighting
   160 | D        | Reached XP level 3. HP: 36/50 MP: 2/2
   160 | D        | Reached XP level 4. HP: 42/58 MP: 3/3
   160 | D        | Reached XP level 5. HP: 46/64 MP: 4/4
   160 | D        | Reached XP level 6. HP: 52/72 MP: 5/5
   160 | D        | Reached XP level 7. HP: 57/79 MP: 6/6
   160 | D        | Reached XP level 8. HP: 62/86 MP: 7/7
   164 | D        | Reached *** piety under Trog
   348 | D        | Entered arena 4.
   348 | D        | Noticed a large abomination
   348 | D        | Found a transporter.
   355 | D        | Killed a large abomination
   356 | D        | Reached **** piety under Trog
   390 | D        | Entered arena 5.
   390 | D        | Found a transporter.
   399 | D        | Reached ***** piety under Trog
   416 | D        | Got the ring "Wuiblin" {+Blink MP+9 Dex+4 Slay-5}
   426 | D        | Entered arena 6.
   426 | D        | Noticed a scimitar of slicing
   426 | D        | Noticed a deep elf knight
   426 | D        | Noticed a deep elf mage
   426 | D        | Noticed a deep elf mage
   426 | D        | Found a transporter.
   431 | D        | Reached XP level 9. HP: 94/94 MP: 8/8
   440 | D        | Killed a deep elf mage
   440 | D        | Received a gift from Trog
   440 | D        | Reached skill level 14 in Fighting
   445 | D        | Killed a deep elf mage
   448 | D        | Killed a deep elf knight
   448 | D        | Reached skill level 10 in Armour
   453 | D        | Killed a scimitar of slicing
   453 | D        | Reached skill level 15 in Fighting
   453 | D        | Reached XP level 10. HP: 37/105 MP: 9/9
   476 | D        | Got the ring "Vosoku" {*Corrode MR+ EV+5 Dex+6 SInv}
   691 | D        | Entered arena 7.
   691 | D        | Noticed an orange demon
   692 | D        | Found a transporter.
   696 | D        | Reached ****** piety under Trog
   697 | D        | Received a gift from Trog
   699 | D        | Reached skill level 15 in Polearms
   707 | D        | Killed an orange demon
   754 | D        | Entered arena 8.
   755 | D        | Found a transporter.
   757 | D        | Received a gift from Trog
   764 | D        | Received a gift from Trog
   785 | D        | Got the ring of the Heron {MP+9 Dex+4 Slay-4}
   794 | D        | Entered arena 9.
   794 | D        | Noticed a spriggan rider
   795 | D        | Found a transporter.
   803 | D        | Received a gift from Trog
   806 | D        | Received a gift from Trog
   806 | D        | Reached skill level 16 in Fighting
   858 | D        | Reached skill level 1 in Stealth
   858 | D        | Reached XP level 11. HP: 114/114 MP: 10/10
   859 | D        | Entered arena 10.
   860 | D        | Found the +8 Wrath of Trog {antimagic, *Rage}
   860 | D        | Found a transporter.
   867 | D        | Received a gift from Trog
   880 | D        | Received a gift from Trog
   904 | D        | Entered arena 11.
   904 | D        | Noticed a deep elf mage
   904 | D        | Noticed a deep elf mage
   904 | D        | Noticed a deep elf mage
   904 | D        | Noticed a hand axe of electrocution
   904 | D        | Noticed a deep elf mage
   904 | D        | Noticed a deep elf mage
   904 | D        | Noticed a glaive of protection
   906 | D        | Found a transporter.
   908 | D        | Killed a deep elf mage
   913 | D        | Killed a hand axe of electrocution
   913 | D        | Killed a deep elf mage
   915 | D        | Killed a deep elf mage
   915 | D        | Received a gift from Trog
   915 | D        | Reached skill level 15 in Axes
   917 | D        | Reached skill level 17 in Fighting
   917 | D        | Killed a deep elf mage
   919 | D        | Killed a deep elf mage
   919 | D        | Reached XP level 12. HP: 56/125 MP: 7/11
   924 | D        | Slain by a glaive of protection

Skill      XL: |  1  2  3  4  5  6  7  8  9 10 11 |
---------------+----------------------------------+-----
Fighting       | 5 13 15 16 17 | 17.2
Axes           | 5 12 13 16 | 16.0
Polearms       | 1 11 14 16 | 16.8
Armour         | 3 8 10 11 12 | 12.6
Dodging        | 6 7 |  7.8
Throwing       | 2 |  2.6
Stealth        | 1 2 |  2.2

Action                   |  1- 3 |  4- 6 |  7- 9 | 10-12 || total
-------------------------+-------+-------+-------+-------++-------
Melee: Demon trident     |    15 |       |    43 |    23 ||    81
       Headbutt          |       |       |     6 |    11 ||    17
       Battleaxe         |       |       |       |    43 ||    43
Invok: Berserk           |     1 |       |     2 |     2 ||     5
       Burn Spellbooks   |       |       |     1 |     2 ||     3
  Use: Scroll            |       |       |       |     1 ||     1
       Potion            |       |       |       |     1 ||     1
 Stab: Sleeping          |       |       |       |     1 ||     1
  Eat: Chunk             |       |       |       |     4 ||     4
Armor: Shadow dragon sca |    21 |       |    21 |    44 ||    86
Dodge: Dodged            |    13 |       |    23 |    46 ||    82
